 Dungeon Crawl Stone Soup version 0.29-a0-284-gf9362112df (webtiles) character file.

Game seed: 10388116569647468807

238 snetch the Magician (level 6, -2/37 (41) HPs)
             Began as a Djinni Fire Elementalist on Mar 29, 2022.
             Was a Follower of Ru.
             Slain by Pikel
             ... wielding a +1 whip of electrocution
              (5 damage)
             ... on level 3 of the Dungeon.
             The game lasted 00:12:35 (4102 turns).

snetch the Magician (Djinni Fire Elementalist)      Turns: 4102, Time: 00:12:36

HP:   -2/37 (41)    AC:  8    Str: 10    XL:     6   Next: 28%
Gold: 249           EV: 11    Int: 19    God:    Ru [*.....] SH:  5 Dex: 13

rFire   + + +      SeeInvis .   a - +8 mace "Oruloid" {vorpal, rF+ Str+3}
rCold   x . .      Faith    .   (no shield)
rNeg    . . .      Spirit   .   n - +0 ring mail
rPois   ∞          Reflect  +   C - +2 helmet of Baldness {rPois}
rElec   .          Harm     .   g - scarf {+Inv}
rCorr   .          Rampage  .   (no gloves)
Will    .....                   (boots unavailable)
Stlth   +.........              b - amulet of reflection
HPRegen 0.12/turn               (no ring)
MPRegen 0.00/turn               (no ring)

@: overwhelmed with horror, flying, drained
A: sickness immunity, fire resistance 2, cold vulnerability 1, cowardly, float,
innate caster, HP casting, extra vitality 1
a: Renounce Religion, Evoke Invisibility


You were on level 3 of the Dungeon.
You worshipped Ru.
Ru was aware of your devotion.
You visited 1 branch of the dungeon, and saw 4 of its levels.

You collected 249 gold pieces.

Inventory:

Hand Weapons
 a - the +8 mace "Oruloid" (weapon) {vorpal, rF+ Str+3}
   (You found it on level 3 of the Dungeon)

   It inflicts extra damage upon your enemies.
   Str:       It affects your strength (+3).
   rF:        It protects you from fire.
Missiles
 f - 10 poisoned darts
 i - 25 stones
Armour
 e - a +0 scale mail
 g - a scarf of invisibility (worn)
 n - a +0 ring mail (worn)
 w - a +0 chain mail
 C - the +2 helmet of Baldness (worn) {rPois}
   (You found it on level 3 of the Dungeon)

   rPois:     It protects you from poison.
Jewellery
 b - an amulet of reflection (around neck)
Scrolls
 d - a scroll of amnesia {unknown}
 m - 7 scrolls of identify {unknown}
 t - a scroll of teleportation {unknown}
 x - a scroll of summoning {unknown}
 y - 2 scrolls of enchant weapon {unknown}
 A - a scroll of brand weapon {unknown}
Potions
 h - 2 potions of curing {unknown}
 j - a potion of lignification {unknown}
 l - a potion of degeneration {unknown}
 o - 2 potions of brilliance {unknown}
 p - 2 potions of heal wounds {unknown}
 q - a potion of attraction {unknown}
 r - 2 potions of flight {unknown}
 s - a potion of cancellation {unknown}
 v - a potion of magic {unknown}
 z - a potion of haste {unknown}


   Skills:
 + Level 0.6 Fighting
 + Level 2.1 Armour
 + Level 2.8 Dodging
 + Level 2.1 Stealth
 + Level 4.2 Spellcasting
 + Level 0.4 Evocations


You couldn't memorise any spells.
You knew the following spells:

 Your Spells              Type           Power      Damage    Failure   Level
a - Foxfire               Conj/Fire      44%        2x1d6     6%          1
b - Scorch                Fire           22%        2d6       9%          2
c - Conjure Flame         Conj/Fire      11%        6-21      19%         3
d - Inner Flame           Hex/Fire       11%        N/A       19%         3
e - Flame Wave            Conj/Fire      11%        2d5       52%         4
f - Pain                  Necr           44%        1d6       6%          1
g - Corpse Rot            Necr/Air       22%        N/A       9%          2
Your spell library was empty.

Dungeon Overview and Level Annotations

Branches:
Dungeon (4/15)
 Temple: D:4-7

Altars:
Ru
Uskayaw

Annotations:
D:3 Pikel
D:4 Edmund


Innate Abilities, Weirdness & Mutations

You are immune to sickness and miasma.
You are immune to poison.
Your flesh is very heat resistant. (rF++)
You are vulnerable to cold. (rC-)
Your cowardice makes you less effective in combat with threatening foes.
You float through the air rather than walking.
You learn spells naturally, not from books.
Your magical power is your life essence.
You have superior vitality. (+4 MHP)


Message History

Hit: a) +8 mace "Oruloid" {vorpal, rF+ Str+3}
Press: ? - help, Dir - move target, f - lemure
Aim: a lemure (heavily wounded, about 45% to evade the +8 mace "Oruloid")
Okay, then.
You feel drained.
You fail to use your ability.
The lemure is no longer more vulnerable to fire.
The lemure hits you. The lemure hits you but does no damage.
The lemure completely misses you.
You sock the lemure!
The lemure is almost dead.
The lemure hits you!
* * * LOW HITPOINT WARNING * * *
The lemure hits you.
* * * LOW HITPOINT WARNING * * *
You redirect the lemure's attack!
The lemure hits itself.
You block the lemure's attack. The lemure attacks as you move away!
The lemure hits you.
* * * LOW HITPOINT WARNING * * *
The lemure is no longer more vulnerable to fire.
You hit the lemure.
The lemure is heavily wounded.
The lemure closely misses you. The lemure hits you but does no damage.
Unknown command.
You closely miss the lemure.
The lemure is heavily wounded.
The lemure hits you but does no damage. The lemure closely misses you.
Unknown command.
You closely miss the lemure.
The lemure is heavily wounded.
The lemure closely misses you. The lemure hits you.
* * * LOW HITPOINT WARNING * * *
You block the lemure's attack.
Unknown command.
You closely miss Pikel. The lemure hits you but does no damage.
Pikel hits you with a +1 whip of electrocution.
* * * LOW HITPOINT WARNING * * *
Unknown command.
You hit Pikel but do no damage. The lemure barely misses you. Pikel misses you.
Pikel hits you with a +1 whip of electrocution.
You die...

#........######...###
#........######...###
#....................
##############.......
####..........
#####≈≈≈.##....... #####
#≈≈≈≈≈≈≈≈≈........
###...######≈≈≈≈≈≈≈≈#...#..
#####..)......@###≈≈≈####..)#..
#......###....K55#####....##[..
#....###≈######5..........#..).
######≈≈≈≈≈≈≈≈###.....###......
#≈≈≈≈≈≈≈≈...##########..##..
###≈≈≈≈≈.#### #....#.###..
#....#.# #..#...#.... #....#.#
#..#........ #....#.###
####...........


You could see Pikel and 3 lemures.

Vanquished Creatures
  A kobold brigand (D:3)
  A howler monkey (D:4)
  3 adders
  3 worms
  A dart slug (D:1)
  7 orcs (D:3)
  8 bats
  3 endoplasms
  5 giant cockroaches
  12 goblins
  6 hobgoblins
  7 jackals (D:1)
  10 kobolds
  3 quokkas
  4 ball pythons
  5 frilled lizards
  5 rats
84 creatures vanquished.

Vanquished Creatures (others)
  141 foxfires
141 creatures vanquished.

Grand Total: 225 creatures vanquished

Notes
Turn   | Place    | Note
-------+----------+-------------------------------------------
     0 | D:1      | snetch the Djinni Fire Elementalist began the quest for the
                  | Orb.
     0 | D:1      | Reached XP level 1. HP: 15/15 MP: 0/0
   146 | D:1      | Reached XP level 2. HP: 18/21 MP: 0/0
   565 | D:1      | Reached XP level 3. HP: 16/23 MP: 0/0
   565 | D:1      | Learned a level 1 spell: Pain
   763 | D:1      | Reached skill level 3 in Spellcasting
  1606 | D:1      | Reached XP level 4. HP: 23/26 MP: 0/0
  1954 | D:3      | Found a faded altar of an unknown god.
  1968 | D:3      | Prayed at the altar of an unknown god.
  1968 | D:3      | Became a worshipper of Ru the Awakened
  1978 | D:3      | Gained mutation: Your cowardice makes you less effective in
                  | combat with threatening foes. [Ru sacrifice]
  1978 | D:3      | Reached * piety under Ru
  2832 | D:2      | Reached XP level 5. HP: 34/35 MP: 0/0
  2832 | D:2      | Learned a level 2 spell: Corpse Rot
  2933 | D:3      | Identified the +2 helmet of Baldness {rPois}
  2938 | D:3      | Identified the +8 mace "Oruloid" {vorpal, rF+ Str+3}
  3459 | D:3      | Reached skill level 1 in Armour
  3533 | D:3      | Noticed a kobold brigand
  3542 | D:3      | Killed a kobold brigand
  3543 | D:3      | Reached skill level 4 in Spellcasting
  3829 | D:3      | Reached XP level 6. HP: 39/41 MP: 0/0
  3930 | D:3      | Found a hide-covered altar of Uskayaw.
  4060 | D:4      | Noticed Pikel
  4068 | D:4      | Noticed Edmund
  4102 | D:3      | Slain by Pikel

Illustrated notes

Levels and vault maps discovered:
D:1:      dpeg_arrival_another_circle, layout_basic, bh_walls_and_bars
D:2:      layout_loops_ring
D:3:      cheibrodos_thug_alley, layout_rooms, eat_drink_and_be_merry_uskayaw,
          chequers_ecumenical_altar_island, minmay_misc_feat_diagonals
D:4:      layout_cave_pools, uniq_ijyb, uniq_menkaure, uniq_edmund, uniq_pikel

Skill      XL: |  1  2  3  4  5  6 |
---------------+-------------------+-----
Spellcasting   | 3 4 |  4.2
Stealth        | 2 |  2.1
Armour         | 1 2 |  2.1
Fighting       | |  0.6
Dodging        | |  2.8
Evocations     | |  0.4

Action                   |  1- 3 |  4- 6 || total
-------------------------+-------+-------++-------
Melee: Dagger            |     8 |       ||     8
       Long sword        |       |     5 ||     5
       Mace              |       |    29 ||    29
 Cast: Foxfire           |    22 |    63 ||    85
       Scorch            |    16 |    17 ||    33
       Pain              |     2 |       ||     2
       Corpse Rot        |       |     1 ||     1
Invok: Sacrifice Courage |       |     1 ||     1
 Abil: Evoke Invisibilit |     1 |       ||     1
 Stab: Sleeping          |     1 |       ||     1
Armor: Leather armour    |     4 |    15 ||    19
       Ring mail         |       |    13 ||    13
Dodge: Dodged            |    11 |    40 ||    51
Block: Other             |       |    10 ||    10

Table legend: (Time is in decaauts)
 A = Elapsed time spent in this place.
 B = Non-inter-level travel time spent in this place.
 C = Inter-level travel time spent in this place.
 D = Time resting spent in this place.
 E = Time spent auto-exploring this place.
 F = Levels seen in this place.
 G = Mean time per level.
                   A        B        C        D        E       F      G
               +--------+--------+--------+--------+--------+-----+--------+
         Total |   4120 |   4040 |     80 |    351 |   2700 |   4 | 1030.0 |
       Dungeon |   4120 |   4040 |     80 |    351 |   2700 |   4 | 1030.0 |
               +--------+--------+--------+--------+--------+-----+--------+

Top non-repeatable levels by time:
     D:1: 2213 daAuts
     D:2: 969 daAuts
     D:3: 898 daAuts
     D:4: 39 daAuts
